Construct Infanterie Kompanie
Selects Luftwaffe Battlegroup
Selects Luftwaffe Pioneer Support
Fallschirmpioneer Squad Paradrop
Fallschirmpioneer Squad Paradrop
Construct Luftwaffe Kompanie
Selects Stuka Strafing Run
Selects Fallschirmjäger Squad Paradrop
Fallschirmpioneer Squad Paradrop
Luftwaffe Officer Quarters
Selects LG40 Recoilless Gun Paradrop
LG40 Recoilless Gun Paradrop
Construct Panzergrenadier Kompanie
Construct Panzergrenadier Kompanie
Nebelwerfer 42 Rocket Launcher Team
Construct Panzer Kompanie